 Dungeon Crawl Stone Soup version 0.30-a0-187-gd9c2deaf24 (webtiles) character file.

Game seed: 3600106052590625618

62773 meatgazer the Warrior (level 14, 0/140 HPs)
             Began as a Minotaur Berserker on Oct 3, 2022.
             Was a Priest of Trog.
             Slain by a minotaur
             ... wielding a +2 vorpal war axe
              (42 damage)
             ... in a Gauntlet.
             The game lasted 00:49:49 (23443 turns).

meatgazer the Warrior (Minotaur Berserker)         Turns: 23443, Time: 00:49:50

Health: 0/140      AC: 20    Str: 29    XL:     14   Next: 65%
Magic:  13/13      EV: 14    Int:  4    God:    Trog [***...]
Gold:   1161       SH: 10    Dex: 12    Spells: 13/13 levels left

rFire   . . .      SeeInvis .    g - +7 dagger "Kagaydwa" {vamp, rPois rCorr}
rCold   . . .      Faith    .    h - +0 buckler of the Bulwark {rElec Will++ Str+4 Int-3}
rNeg    . . .      Spirit   .    D - +0 steam dragon scales
rPois   +          Reflect  +    j - +2 hat "Vynuboa" {Int+3}
rElec   +          Harm     .    u - +0 cloak
rCorr   +          Rampage  .    A - +0 pair of gloves
Will    ++++.      NoTele   +    i - +2 pair of boots
Stlth   +.........               F - amulet of reflection
HPRegen 0.43/turn                C - +4 ring of protection
MPRegen 0.13/turn                x - ring of Daevyrr {Will+ rCorr}

@: on berserk cooldown, slowed, studying Unarmed Combat, very slow
A: horns 2, retaliatory headbutt, mutation resistance 1, roll 1
a: Renounce Religion, Berserk, Trog's Hand


You were in a Gauntlet.
You worshipped Trog.
Trog was most pleased with you.
You visited 2 branches of the dungeon, and saw 18 of its levels.
You also visited: Gauntlet.

You collected 1429 gold pieces.
You spent 268 gold pieces at shops.

Inventory:

Hand Weapons
 g - the +7 dagger "Kagaydwa" (weapon) {vamp, rPois rCorr}
   (You found it on level 3 of the Dungeon)

   It occasionally heals its wielder for a portion of the damage dealt when it
   wounds a living foe.
   rPois:     It protects you from poison.
   rCorr:     It protects you from acid and corrosion.
Armour
 h - the +0 buckler of the Bulwark (worn) {rElec Will++ Str+4 Int-3}
   (You took it off a gnoll sergeant on level 6 of the Dungeon)

   Str:       It affects your strength (+4).
   Int:       It affects your intelligence (-3).
   rElec:     It insulates you from electricity.
   Will:      It greatly increases your willpower.
 i - a +2 pair of boots (worn)
 j - the +2 hat "Vynuboa" (worn) {Int+3}
   (You acquired it on level 9 of the Dungeon)

   Int:       It affects your intelligence (+3).
 u - a +0 cloak (worn)
 A - a +0 pair of gloves (worn)
 D - +0 steam dragon scales (worn)
Jewellery
 a - the ring of Agnosticism {Ice MP+9 SInv}
   (You found it in a Gauntlet)

   [ring of ice]

   It enhances your ice magic.
   rF:        It makes you vulnerable to fire.
   rC:        It protects you from cold.
   MP:        It affects your magic capacity (+9).
   SInv:      It lets you see invisible.
 x - the ring of Daevyrr (right hand) {Will+ rCorr}
   (You found it on level 6 of the Dungeon)

   [ring of resist corrosion]

   rCorr:     It protects you from acid and corrosion.
   Will:      It increases your willpower.
 C - a +4 ring of protection (left hand)
 E - a ring of positive energy
 F - an amulet of reflection (around neck)
 L - an amulet of regeneration
 O - the ring "Geucim" {rPois MP+9 Int+3 Slay+2}
   (You found it in a Gauntlet)

   [ring of magical power]

   Int:       It affects your intelligence (+3).
   Slay:      It affects your accuracy & damage with ranged weapons and melee
   (+2).
   rPois:     It protects you from poison.
   MP:        It affects your magic capacity (+9).
Wands
 c - a wand of paralysis (17)
 m - a wand of digging (28)
 n - a wand of iceblast (8)
 s - a wand of polymorph (3)
 t - a wand of light (21)
 y - a wand of flame (23)
 B - a wand of mindburst (40)
Scrolls
 b - a scroll of brand weapon
 d - a scroll of torment
 k - 3 scrolls of fear
 l - 3 scrolls of identify
 p - 3 scrolls of teleportation
 q - a scroll of silence
 J - a scroll of butterflies
 N - a scroll of summoning
Potions
 e - 3 potions of attraction
 f - 2 potions of haste
 o - 5 potions of lignification
 r - 2 potions of berserk rage
 v - 8 potions of curing
 w - 5 potions of cancellation
 z - 2 potions of resistance
 H - 6 potions of ambrosia
 I - 2 potions of magic
 K - a potion of flight
 M - 3 potions of might
Miscellaneous
 G - a lightning rod (1/4)


   Skills:
 + Level 17.0 Fighting
 + Level 15.0(15.3) Short Blades
 - Level 5.1(11.8) Long Blades
 + Level 13.3 Armour
 + Level 8.1 Dodging
 - Level 4.0 Shields
 + Level 9.9 Evocations


You had 13 spell levels left.
You didn't know any spells.
Your spell library was empty.

Dungeon Overview and Level Annotations

Branches:
Dungeon (13/15)            Temple (0/1) D:7            Lair (5/5) D:11
  Swamp (0/4) Lair:3       Spider (0/4) Lair:3        Slime (0/5) Lair:4
    Orc (0/2) D:10        Gauntlet (1/1)
 Vaults: D:13-14

Altars:
Elyvilon
Fedhas
Hepliaklqana
Nemelex Xobeh
Ru
Trog
Vehumet
Yredelemnul
Zin
Jiyva

Shops:
D:1 :   D:2 !   D:4 (*   D:6 [

Annotations:
D:4 3 runed translucent doors, Zonian's ghost, amateur VSRe Gauntlet 10 transporters, 17 runed translucent doors, exclusions: ice statue and 2 orange crystal statues


Innate Abilities, Weirdness & Mutations

You have a pair of horns on your head.
You reflexively headbutt those who attack you in melee.
You are somewhat resistant to further mutation.
You can roll at nearby foes to attack.


Message History

The minotaur hits you with a +2 vorpal war axe!!
The minotaur gores you but does no damage.
You puncture the minotaur!
The minotaur is lightly wounded.
You hit the minotaur.
You feel better.
Your headbutt misses the minotaur.
The minotaur is moderately wounded.
You hit the minotaur but do no damage. You headbutt the minotaur!
The minotaur is moderately wounded.
The minotaur drinks a potion.
The minotaur seems to grow stronger.
You hit the minotaur but do no damage.
The minotaur is moderately wounded.
You hit the minotaur. Your headbutt misses the minotaur.
The minotaur is moderately wounded.
You hit the minotaur but do no damage.
The minotaur is moderately wounded.
You are no longer berserk.
You are exhausted.
You feel yourself slow down. You block the minotaur's attack.
The minotaur gores you!
You hit the minotaur but do no damage.
You headbutt the minotaur, but do no damage.
The minotaur is moderately wounded.
The minotaur closely misses you. The minotaur gores you!!
You puncture the minotaur!
You feel better.
Your headbutt misses the minotaur.
The minotaur is heavily wounded.
You hit the minotaur but do no damage.
You headbutt the minotaur, but do no damage.
The minotaur is heavily wounded.
The minotaur closely misses you.
The minotaur gores you but does no damage.
You closely miss the minotaur.
The minotaur furiously retaliates!
The minotaur headbutts you, but does no damage.
The minotaur is heavily wounded.
The minotaur hits you with a +2 vorpal war axe!
* * * LOW HITPOINT WARNING * * *
You block the minotaur's attack.
You hit the minotaur.
The minotaur is heavily wounded.
The minotaur hits you with a +2 vorpal war axe!!!
You die...

####..#...##########
...####.8.#........####
#.##©.....#.######....#
#..####.8.#.#....####.#
...#..#...#.#.##....#.#
####..#.8.#.#.#####...#
.....≈#...#.#.#⌠.⌠###.#
.....∩#.8...#.#.H.# #.#
.....≈#...#.#.#⌠@⌠# #.#
####..#.8.#.#.##.##.#.#
[..#..#...#.#.##....#.#
.^.####.8.#.#....####.#
...#©.....#.###### ..#
.#.####.8.#.#
##.#..#...### .#.#..#
.^.#..#


You could see a minotaur (strong).

Vanquished Creatures
  Snorg (Lair:4)
  2 ogre magi (D:12)
  3 hydras
  A catoblepas (Lair:5)
  A two-headed ogre (D:9)
  3 boulder beetles
  3 death yaks (Lair:5)
  Lodul (D:13)
  Pikel (D:8)
  The ghost of KennySheep the Sneak, a novice NaEE of Vehumet (D:6)
  An oklob plant (Lair:5)
  2 manticores (D:12)
  An ugly thing (D:12)
  6 cyclopes
  Maurice (D:11)
  6 elephants (Lair:2)
  3 black mambas
  Joseph (D:8)
  24 cane toads
  A gargoyle (D:12)
  Maggie (D:8)
  A rime drake (Lair:5)
  A torpor snail (Lair:5)
  7 komodo dragons
  An unseen horror (shapeshifter) (D:12)
  2 unseen horrors
  7 trolls
  2 queen bees
  A meliai (Lair:3)
  Prince Ribbit (D:8)
  A hornet (D:12)
  4 tyrant leeches (Lair:5)
  3 polar bears
  4 slime creatures
  21 blink frogs
  18 dream sheep
  A shadow (D:12)
  4 wyverns
  2 wraiths
  52 yaks
  A vampire (D:10)
  2 basilisks
  16 vampire mosquitoes
  3 acid dragons
  Duvessa (D:4)
  13 water moccasins
  6 orc warriors
  An ice beast (D:5)
  A sky beast (D:8)
  A black bear (D:4)
  A boggart (Gauntlet)
  8 ogres
  10 wolves
  A centaur (D:8)
  3 phantoms
  4 gnoll sergeants
  3 necrophages
  12 bullfrogs
  A scorpion (D:5)
  13 wights
  Dowan (D:4)
  41 killer bees
  An electric eel (Lair:3)
  6 howler monkeys
  2 jellies (Lair:4)
  11 orc priests
  2 gnoll boudas
  2 hounds
  Jessica (D:2)
  18 orc wizards
  An iguana (D:5)
  16 gnolls
  6 adders
  A shadow imp (D:7)
  A white imp (D:6)
  An ufetubus (D:6)
  3 dart slugs
  68 orcs
  5 endoplasms
  2 giant cockroaches
  10 goblins
  5 hobgoblins
  A jackal (D:2)
  5 ball pythons
  7 bats
  3 frilled lizards
  9 kobolds
  4 rats
531 creatures vanquished.

Vanquished Creatures (collateral kills)
  A hydra (Lair:4)
  A two-headed ogre (D:11)
  A goliath frog (Lair:4)
  A boggart (Gauntlet)
4 creatures vanquished.

Vanquished Creatures (others)
  7 fungi
  87 plants
94 creatures vanquished.

Grand Total: 629 creatures vanquished

Notes
Turn   | Place    | Note
-------+----------+-------------------------------------------
     0 | D:1      | meatgazer the Minotaur Berserker began the quest for the
                  | Orb.
     0 | D:1      | Reached XP level 1. HP: 19/19 MP: 0/0
   138 | D:1      | Found Gukk's Book Emporium.
   212 | D:1      | Reached skill level 4 in Fighting
   212 | D:1      | Reached XP level 2. HP: 27/27 MP: 1/1
   279 | D:1      | Found a faded altar of an unknown god.
   589 | D:1      | Gained mutation: Your magical capacity is low. (-10% MP)
                  | [potion of mutation]
   589 | D:1      | Gained mutation: You have hidden genetic potential. [potion
                  | of mutation]
   899 | D:2      | Reached XP level 3. HP: 34/34 MP: 1/1
   923 | D:2      | Gained mutation: You are partially covered in iridescent
                  | scales. (AC +2) [hidden potential]
   955 | D:2      | Noticed Jessica
   963 | D:2      | Killed Jessica
   964 | D:2      | Reached skill level 5 in Fighting
   964 | D:2      | Reached skill level 5 in Long Blades
   964 | D:2      | Reached XP level 4. HP: 42/42 MP: 2/2
  1045 | D:2      | Found Liojol's Distillery.
  1214 | D:2      | Reached ** piety under Trog
  1266 | D:2      | Gained mutation: You have large cloven feet. [hidden
                  | potential]
  1266 | D:2      | Lost mutation: You have hidden genetic potential. [hidden
                  | potential expressed]
  1904 | D:3      | Identified the +7 dagger "Kagaydwa" {vamp, rPois rCorr}
  1939 | D:3      | Found a basalt altar of Yredelemnul.
  2264 | D:3      | Found a radiant altar of Vehumet.
  2651 | D:4      | Reached skill level 1 in Short Blades
  2667 | D:4      | Found Xacutaqe's Weapon Boutique.
  2704 | D:4      | Noticed a phantom
  2705 | D:4      | Noticed a black bear
  2716 | D:4      | Noticed a centaur
  2718 | D:4      | Noticed a scorpion
  2719 | D:4      | Killed a phantom
  2720 | D:4      | Reached XP level 5. HP: 50/50 MP: 3/3
  2728 | D:4      | Found a runed translucent gate.
  2733 | D:4      | Noticed Zonian's ghost (amateur VSRe)
  2735 | D:4      | Killed a black bear
  2736 | D:4      | Reached skill level 6 in Fighting
  2736 | D:4      | Reached XP level 6. HP: 43/57 MP: 4/4
  2789 | D:4      | Found a runed translucent gate.
  2789 | D:4      | Found a runed translucent gate.
  2978 | D:4      | Noticed Dowan
  2979 | D:4      | Noticed Duvessa
  2987 | D:4      | Killed Dowan
  2995 | D:4      | Killed Duvessa
  2996 | D:4      | Reached skill level 7 in Fighting
  2996 | D:4      | Reached XP level 7. HP: 66/66 MP: 5/5
  3204 | D:4      | Found Geonnut's Gadget Gallery.
  3210 | D:4      | Bought a wand of iceblast (8) for 268 gold pieces
  3309 | D:5      | Entered Level 5 of the Dungeon
  3521 | D:5      | Reached skill level 1 in Evocations
  3538 | D:5      | Reached skill level 5 in Short Blades
  3944 | D:5      | Reached XP level 8. HP: 74/74 MP: 6/6
  3966 | D:5      | Reached skill level 8 in Fighting
  3995 | D:5      | Reached *** piety under Trog
  4008 | D:5      | Reached skill level 5 in Armour
  4720 | D:6      | Found a transporter.
  4720 | D:6      | Found a transporter.
  4733 | D:6      | Noticed KennySheep's ghost (novice NaEE)
  4785 | D:6      | Reached skill level 9 in Fighting
  5001 | D:6      | Noticed a troll
  5012 | D:6      | Killed a troll
  5066 | D:6      | Identified the +6 spear "Iwkin" {elec, Dex+2}
  5066 | D:6      | Identified the +0 buckler of the Bulwark {rElec Will++
                  | Str+4 Int-3}
  5237 | D:6      | Reached XP level 9. HP: 75/84 MP: 7/7
  5274 | D:6      | Found Befiub's Armour Shop.
  5465 | D:6      | Killed KennySheep's ghost
  5466 | D:6      | Reached skill level 10 in Fighting
  6093 | D:6      | Identified the ring of Daevyrr {Will+ rCorr}
  6173 | D:7      | Found a hazy altar of Hepliaklqana.
  6173 | D:7      | Noticed a troll
  6181 | D:7      | Reached skill level 1 in Shields
  6195 | D:7      | Killed a troll
  6424 | D:7      | Lost mutation: You are partially covered in iridescent
                  | scales. (AC +2) [potion of mutation]
  6424 | D:7      | Lost mutation: Your magical capacity is low. (-10% MP)
                  | [potion of mutation]
  6424 | D:7      | Gained mutation: Your spells are a little easier to cast,
                  | but a little less powerful. [potion of mutation]
  6629 | D:7      | Found a staircase to the Ecumenical Temple.
  6969 | D:7      | Reached XP level 10. HP: 82/94 MP: 9/9
  7318 | D:8      | Reached skill level 11 in Fighting
  7418 | D:8      | Noticed Joseph
  7432 | D:8      | Killed Joseph
  7569 | D:8      | Noticed Maggie
  7576 | D:8      | Killed Maggie
  7583 | D:8      | Noticed Pikel
  7609 | D:8      | Killed Pikel
  7925 | D:8      | Noticed Prince Ribbit
  7942 | D:8      | Killed Prince Ribbit
  7943 | D:8      | Reached skill level 5 in Evocations
  7980 | D:8      | Found a sparkling altar of Nemelex Xobeh.
  8173 | D:8      | Found a glowing silver altar of Zin.
  8173 | D:8      | Noticed an angel
  8372 | D:9      | Reached skill level 12 in Fighting
  8484 | D:9      | Found a white marble altar of Elyvilon.
  8687 | D:9      | Reached skill level 10 in Short Blades
  8707 | D:9      | Noticed a two-headed ogre
  8717 | D:9      | Killed a two-headed ogre
  9049 | D:9      | Reached XP level 11. HP: 105/105 MP: 10/10
  9331 | D:9      | Reached **** piety under Trog
  9409 | D:9      | Identified a scroll of acquirement
  9409 | D:9      | Acquired the +2 hat "Vynuboa" {Int+3}
  9586 | D:10     | Entered Level 10 of the Dungeon
 10169 | D:10     | Found a staircase to the Orcish Mines.
 10303 | D:10     | Found a bloodstained altar of Trog.
 10626 | D:10     | Found a blossoming altar of Fedhas.
 10717 | D:11     | Noticed a boulder beetle
 10721 | D:11     | Reached skill level 13 in Fighting
 10721 | D:11     | Noticed Maurice
 10729 | D:11     | Killed Maurice
 11243 | D:10     | Lost mutation: You have large cloven feet. [potion of
                  | mutation]
 11243 | D:10     | Lost mutation: Your spells are a little easier to cast, but
                  | a little less powerful. [potion of mutation]
 11243 | D:10     | Gained mutation: You are vulnerable to cold. (rC-) [potion
                  | of mutation]
 11243 | D:10     | Gained mutation: You have hidden genetic potential. [potion
                  | of mutation]
 11243 | D:10     | Gained mutation: You possess an exceptional clarity of
                  | mind. [potion of mutation]
 11294 | D:11     | Found a sacrificial altar of Ru.
 11464 | D:11     | Found a staircase to the Lair.
 11634 | D:11     | Noticed a boulder beetle
 11644 | D:11     | Noticed a two-headed ogre
 11650 | D:11     | Killed a boulder beetle
 11654 | D:11     | Killed a two-headed ogre
 11788 | Lair:1   | Entered Level 1 of the Lair of Beasts
 12022 | Lair:1   | Reached skill level 14 in Fighting
 12032 | Lair:1   | Reached XP level 12. HP: 114/117 MP: 11/11
 12746 | Lair:1   | Lost mutation: You are vulnerable to cold. (rC-) [potion of
                  | mutation]
 12746 | Lair:1   | Lost mutation: You possess an exceptional clarity of mind.
                  | [potion of mutation]
 12746 | Lair:1   | Lost mutation: You have hidden genetic potential. [potion
                  | of mutation]
 12746 | Lair:1   | Gained mutation: You expend magic power (3 MP) to
                  | strengthen your wands. [potion of mutation]
 12746 | Lair:1   | Gained mutation: Your mind is acute. (Int +4, Str/Dex -1)
                  | [potion of mutation]
 12915 | Lair:2   | Reached skill level 10 in Armour
 12924 | Lair:2   | Reached ***** piety under Trog
 13347 | Lair:2   | Reached skill level 15 in Fighting
 14085 | Lair:2   | Lost mutation: Your mind is acute. (Int +4, Str/Dex -1)
                  | [potion of mutation]
 14085 | Lair:2   | Lost mutation: You expend magic power (3 MP) to strengthen
                  | your wands. [potion of mutation]
 14085 | Lair:2   | Gained mutation: You have supernaturally acute eyesight.
                  | (SInv) [potion of mutation]
 14137 | Lair:3   | Found a hole to the Spider Nest.
 14175 | Lair:3   | Found a staircase to the Swamp.
 14658 | Lair:3   | You fall into a shaft and drop 1 floor!
 14676 | Lair:4   | Reached XP level 13. HP: 127/127 MP: 12/12
 15661 | Lair:4   | Found a viscous altar of Jiyva.
 15661 | Lair:4   | Found a staircase to the Slime Pits.
 16554 | Lair:4   | Noticed Snorg
 16567 | Lair:4   | Killed Snorg
 16568 | Lair:4   | Reached skill level 5 in Dodging
 17051 | Lair:5   | Entered Level 5 of the Lair of Beasts
 17066 | Lair:5   | Received a gift from Trog
 17196 | Lair:5   | Reached skill level 16 in Fighting
 18714 | Lair:5   | Reached XP level 14. HP: 87/138 MP: 13/13
 21465 | D:12     | Reached skill level 15 in Short Blades
 21992 | D:13     | Noticed Lodul
 21999 | D:13     | Killed Lodul
 22000 | D:13     | Reached skill level 17 in Fighting
 22070 | D:13     | Found a gate leading to a gauntlet.
 22075 | Gauntlet | Entered a Gauntlet
 22075 | Gauntlet | Found a transporter.
 22075 | Gauntlet | Found a transporter.
 22075 | Gauntlet | Found a large runed translucent door.
 22075 | Gauntlet | Found a large runed translucent door.
 22075 | Gauntlet | Found a large runed translucent door.
 22075 | Gauntlet | Found a large runed translucent door.
 22075 | Gauntlet | Found a large runed translucent door.
 22075 | Gauntlet | Found a large runed translucent door.
 22075 | Gauntlet | Found a runed translucent door.
 22075 | Gauntlet | Found a runed translucent door.
 22075 | Gauntlet | Found a large runed translucent door.
 22075 | Gauntlet | Found a large runed translucent door.
 22075 | Gauntlet | Found a large runed translucent door.
 22075 | Gauntlet | Found a large runed translucent door.
 22075 | Gauntlet | Found a large runed translucent door.
 22075 | Gauntlet | Found a large runed translucent door.
 22395 | Gauntlet | Found a transporter.
 22395 | Gauntlet | Found a transporter.
 22400 | Gauntlet | Found a large runed translucent door.
 22400 | Gauntlet | Found a large runed translucent door.
 22401 | Gauntlet | Found a runed translucent gate.
 22401 | Gauntlet | Found a runed translucent gate.
 22405 | Gauntlet | Found a transporter.
 22415 | Gauntlet | Found a transporter.
 22415 | Gauntlet | Found a transporter.
 22417 | Gauntlet | Found a transporter.
 22443 | Gauntlet | Found a transporter.
 22472 | Gauntlet | Found a runed translucent gate.
 22472 | Gauntlet | Found a transporter.
 22485 | Gauntlet | Found a large runed translucent door.
 22486 | Gauntlet | Found a large runed translucent door.
 22515 | Gauntlet | Found a transporter.
 22532 | Gauntlet | Found a transporter.
 22547 | Gauntlet | Found a transporter.
 22624 | Gauntlet | Found a transporter.
 22635 | Gauntlet | Found a transporter.
 22649 | Gauntlet | Found a transporter.
 22919 | Gauntlet | Lost mutation: You have supernaturally acute eyesight.
                  | (SInv) [potion of mutation]
 22919 | Gauntlet | Gained mutation: You are somewhat resistant to further
                  | mutation. [potion of mutation]
 22919 | Gauntlet | Gained mutation: You can roll at nearby foes to attack.
                  | [potion of mutation]
 22952 | Gauntlet | Identified the ring of Agnosticism {Ice MP+9 SInv}
 23377 | Gauntlet | Identified the ring "Geucim" {rPois MP+9 Int+3 Slay+2}
 23443 | Gauntlet | Slain by a minotaur

Illustrated notes

Levels and vault maps discovered:
D:1:      amcnicky_arrival_underground_garden, layout_basic, serial_shops,
          nicolae_shop_stone, ebering_ecumenical_altar_sacrificial
D:2:      layout_loops_corners, serial_shops, nicolae_shop_hallway_plus,
          minmay_circle_x, uniq_jessica
D:3:      layout_basic, nicolae_overflow_crystal_walls,
          mainiacjoe_overflow_small_starburst, minmay_increasing_density
D:4:      layout_gridville, gammafunk_ghost_split, serial_rivers,
          chequers_serial_rivers_room_b, chequers_serial_rivers_small_3,
          chequers_serial_rivers_micro_e, chequers_serial_rivers_micro_b,
          chequers_serial_rivers_marsh, chequers_serial_rivers_micro_e,
          serial_shops, shop_fountains, nicolae_shop_gadgets, uniq_duvessa
D:5:      layout_loops_corners
D:6:      layout_rooms, gammafunk_ghost_gnarly_gnolls, serial_shops, shop,
          nicolae_kite_square_tiling_tiny, minmay_misc_feat_iff
D:7:      layout_basic, nicolae_hepliaklqana_hazy_memory,
          minmay_temple_entry_statues_pillars
D:8:      layout_loops_ring, nemelex_xobeh_ov_fountains_minmay, zin_angel,
          uniq_maggie, uniq_prince_ribbit1, uniq_joseph, uniq_pikel
D:9:      layout_gridville, elyvilon_altar_4, chequers_serial_rivers_micro_c
D:10:     hellmonk_crumbling_castle, layout_cave_pools,
          mainiacjoe_overflow_brackets, mainiacjoe_overflow_alcove_1,
          hiddenorc2_lemuel
D:11:     layout_rooms, lair_entry_dummy, nicolae_ru_sacrificial_ziggurat,
          uniq_maurice
D:12:     minmay_bloctagon, layout_basic
D:13:     layout_gridville, gauntlet_entry_generic, uniq_lodul
Lair:1:   layout_cave_pods, grunt_forest_stairs_basic, serial_bayou_shore_b
Lair:2:   layout_layer_cave, special_room [special_room_bee],
          chequers_serial_rivers_room_a
Lair:3:   layout_regular_city, swamp_mist_pool,
          hellmonk_spider_entry_not_the_bees, serial_bayou_shore_b,
          grunt_megastairs_3
Lair:4:   layout_cave_pods, minmay_slime_entry_pillars, lemuel_fruit_tree,
          uniq_snorg
Lair:5:   minmay_lair_end_frog_pond, layout_hall_layers
Gauntlet: gammafunk_gauntlet_branching [gammafunk_gauntlet_arena_chambers,
          minmay_gauntlet_arena_make_your_own_arena,
          gammafunk_gauntlet_arena_split_diamond,
          nicolae_gauntlet_arena_quarters, nicolae_gauntlet_arena_grate_2,
          gammafunk_gauntlet_arena_spirals, nicolae_gauntlet_arena_t_cross,
          gammafunk_gauntlet_arena_mazey, dreamdust_gauntlet_exit_labyrinth]

Skill      XL: |  1  2  3  4  5  6  7  8  9 10 11 12 13 14 |
---------------+-------------------------------------------+-----
Fighting       | 4 5 6 7 9 10 12 14 15 16 17 | 17.0
Long Blades    | 4 5 |  5.1
Short Blades   | 2 4 5 7 8 10 12 13 14 15 | 15.0
Armour         | 3 4 5 6 8 9 10 12 13 | 13.3
Evocations     | 1 3 4 5 6 7 9 |  9.9
Shields        | 3 4 |  4.0
Dodging        | 3 6 8 |  8.1

Action                   |  1- 3 |  4- 6 |  7- 9 | 10-12 | 13-15 || total
-------------------------+-------+-------+-------+-------+-------++-------
Melee: Falchion          |    73 |    17 |       |       |       ||    90
       Headbutt          |     6 |    14 |    59 |   240 |   223 ||   542
       Punch             |     1 |       |     9 |     1 |       ||    11
       Dagger            |       |    74 |   325 |   844 |   811 ||  2054
       Kick              |       |     2 |       |       |       ||     2
Invok: Berserk           |     3 |     2 |     7 |    19 |    22 ||    53
       Trog's Hand       |       |       |     2 |     1 |       ||     3
       Brothers in Arms  |       |       |       |     1 |     4 ||     5
Evoke: Lightning rod     |       |       |       |     7 |    11 ||    18
       Wand              |       |       |       |     2 |     7 ||     9
  Use: Scroll            |     5 |     7 |    11 |    11 |     9 ||    43
       Potion            |     1 |     1 |     2 |     4 |     4 ||    12
 Stab: Sleeping          |       |     1 |       |     1 |       ||     2
       Invisible         |       |       |     1 |       |       ||     1
Armor: Animal skin       |    17 |    13 |       |       |       ||    30
       Scale mail        |       |    23 |   122 |    23 |       ||   168
       Steam dragon scal |       |       |       |   221 |   284 ||   505
Dodge: Dodged            |    59 |    41 |   124 |   328 |   459 ||  1011
Block: Buckler           |       |       |       |   121 |   209 ||   330
       Reflection        |       |       |       |       |     1 ||     1

Table legend: (Time is in decaauts)
 A = Elapsed time spent in this place.
 B = Non-inter-level travel time spent in this place.
 C = Inter-level travel time spent in this place.
 D = Time resting spent in this place.
 E = Time spent auto-exploring this place.
 F = Levels seen in this place.
 G = Mean time per level.
                   A        B        C        D        E       F      G
               +--------+--------+--------+--------+--------+-----+--------+
         Total |  23036 |  22160 |    876 |   7351 |  11508 |  19 | 1212.4 |
       Dungeon |  13569 |  12908 |    661 |   3814 |   7129 |  13 | 1043.8 |
          Lair |   8093 |   7878 |    215 |   2688 |   4174 |   5 | 1618.6 |
      Gauntlet |   1373 |   1373 |      0 |    849 |    205 |   1 | 1373.0 |
               +--------+--------+--------+--------+--------+-----+--------+

Top non-repeatable levels by time:
  Lair:4: 2542 daAuts
  Lair:3: 1800 daAuts
    D:12: 1796 daAuts
     D:6: 1549 daAuts
  Lair:5: 1448 daAuts
     D:8: 1438 daAuts
Gauntlet: 1373 daAuts
     D:5: 1290 daAuts
  Lair:2: 1281 daAuts
     D:9: 1264 daAuts
    D:10: 1175 daAuts
     D:2: 1156 daAuts
     D:7: 1073 daAuts
  Lair:1: 1021 daAuts
     D:3: 791 daAuts
